 Dungeon Crawl Stone Soup version 0.18-a0-1730-g73f0523 (webtiles) character file.

5329 4thArraOfDagon the Cleaver (level 10, -12/93 HPs)
             Began as a Hill Orc Berserker on Apr 10, 2016.
             Was an Elder of Trog.
             Mangled by an orc warrior
             ... wielding a +0 scimitar
              (14 damage)
             ... on level 13 of the Dungeon.
             The game lasted 00:12:52 (2417 turns).

4thArraOfDagon the Cleaver (Hill Orc Berserker)     Turns: 2417, Time: 00:12:53

Health: -12/93     AC: 21    Str: 26    XL:     10   Next: 64%
Magic:  12/12      EV: 12    Int:  7    God:    Trog [****..]
Gold:   261        SH:  0    Dex: 10    Spells: 0 memorised, 9 levels left

rFire  . . .     SeeInvis .     a - +1 hand axe
rCold  + . .     Gourm    .     c - +2 plate armour {rPois}
rNeg   + . .     Faith    .     (no shield)
rPois  +         Spirit   .     e - +0 helmet
rElec  .         Dismiss  .     B - +2 cloak
rCorr  .         Reflect  .     (no gloves)
SustAt .         Harm     .     (no boots)
MR     ++...                    G - amulet of magic regeneration
Stlth  ..........               j - +4 ring of evasion
                                g - ring of positive energy

@: lethally poisoned (-12 -> -15), exhausted, regenerating, slowed, very slow,
very resistant to hostile enchantments, extremely unstealthy
A: molten scales 1, cold resistance 1, strong 1
a: Berserk, Trog's Hand, Brothers in Arms, Burn Spellbooks, Renounce Religion


You were on level 13 of the Dungeon.
You worshipped Trog.
Trog was greatly pleased with you.
You were near starving.

You visited 1 branch of the dungeon, and saw 12 of its levels.
You also visited: Labyrinth and Sewer.

You collected 261 gold pieces.

Inventory:

Hand Weapons
 a - a +1 hand axe (weapon)
 s - a +0 blowgun
Missiles
 t - 57 poisoned needles
Armour
 c - a +2 plate armour of poison resistance (worn)
 e - a +0 helmet (worn)
 p - a +0 cloak of invisibility
 w - a +0 chain mail of cold resistance
 B - a +2 cloak (worn)
Magical Staves
 z - an uncursed staff of earth {unknown}
Rods
 u - a +3 lightning rod (13/13)
   (You found it in a labyrinth)
 v - a +4 rod of shadows (9/9)
   (You found it in a labyrinth)
Jewellery
 g - a ring of positive energy (left hand)
 j - a +4 ring of evasion (right hand)
 x - an uncursed ring of flight
 G - an amulet of magic regeneration (around neck)
Wands
 d - a wand of paralysis (10/24)
 y - a wand of enslavement (18/24)
Scrolls
 q - a scroll of remove curse
Potions
 f - a potion of resistance {unknown}
 h - 2 potions of magic {unknown}
 i - 2 potions of agility {unknown}
 k - 5 potions of curing {unknown}
 l - a potion of lignification {unknown}
 m - 2 potions of brilliance {unknown}
 n - a potion of flight {unknown}
 o - 3 potions of heal wounds {unknown}
 r - a potion of might {unknown}
 D - 2 potions of cancellation
Books
 b - a Young Poisoner's Handbook

   Spells                             Type                      Level
   a - Sting                          Conjuration/Poison           1
   b - Cure Poison                    Poison                       2
   c - Mephitic Cloud                 Conjuration/Poison/Air       3
   d - Olgreb's Toxic Radiance        Poison                       4
   e - Venom Bolt                     Conjuration/Poison           5
   Trog disapproves of the use of such an item.
 A - the Guide on Ensnaring Confrontation
   (You found it in a labyrinth)

   Spells                             Type                      Level
   a - Corona                         Hexes                        1
   b - Ensorcelled Hibernation        Hexes/Ice                    2
   c - Static Discharge               Conjuration/Air              3
   d - Stone Arrow                    Conjuration/Earth            3
   e - Tukima's Dance                 Hexes                        3
   f - Orb of Destruction             Conjuration                  7
   Trog disapproves of the use of such an item.
 C - a book of Debilitation

   Spells                             Type                      Level
   a - Corona                         Hexes                        1
   b - Slow                           Hexes                        2
   c - Gell's Gravitas                Hexes/Translocation          3
   d - Inner Flame                    Hexes/Fire                   3
   e - Cause Fear                     Hexes                        4
   f - Leda's Liquefaction            Hexes/Earth                  4
   Trog disapproves of the use of such an item.
 F - a book of the Tempests

   Spells                             Type                      Level
   a - Static Discharge               Conjuration/Air              3
   b - Lightning Bolt                 Conjuration/Air              5
   c - Fireball                       Conjuration/Fire             5
   d - Tornado                        Air                          9
   e - Shatter                        Earth                        9
   Trog disapproves of the use of such an item.
 I - a book of Conjurations

   Spells                             Type                      Level
   a - Magic Dart                     Conjuration                  1
   b - Searing Ray                    Conjuration                  2
   c - Dazzling Spray                 Conjuration/Hexes            3
   d - Fulminant Prism                Conjuration/Hexes            4
   e - Iskenderun's Mystic Blast      Conjuration                  4
   f - Iskenderun's Battlesphere      Conjuration/Charms           5
   Trog disapproves of the use of such an item.
Miscellaneous
 E - a plain deck of changes


   Skills:
 + Level 9.8 Fighting
 * Level 13.9 Axes
 + Level 8.7 Armour
 - Level 1.5 Dodging
 + Level 2.8 Evocations


You had 9 spell levels left.
You didn't know any spells.

Dungeon Overview and Level Annotations

Branches:
Dungeon (14/15)
 Temple: D:4-7         Lair: D:8-11         Orc: D:9-12      Vaults: D:13-14

Altars:
Dithmenos
Elyvilon
Nemelex Xobeh
Trog

Annotations:
D:13 Nessos


Innate Abilities, Weirdness & Mutations

You are partially covered in molten scales (AC +1).
Your flesh is cold resistant.
Your muscles are strong. (Str +2)


Message History

The orc warrior hits you but does no damage.
Unknown command.
Evoke which item? (* to show all) (? for menu, Esc to quit)
Zapping:
y - a wand of enslavement {zapped: 3} (will waste charges)
Press: ? - help, Shift-Dir - straight line, f/p - Nessos
Aim: Nessos, wielding a longbow of flaming and wearing a centaur barding (fast, chance to defeat MR: 51%) Nessos is repulsed!
Evoking this partially-identified wand wasted a few charges.
You feel sick.
Nessos blinks!
Nessos shoots a poisoned arrow.
The poisoned arrow hits you! The poisoned arrow burns you.
* * * LOW HITPOINT WARNING * * *
The orc warrior hits you with a scimitar!
* * * LOW HITPOINT WARNING * * *
Nessos shoots a poisoned arrow.
The poisoned arrow hits you!
* * * LOW HITPOINT WARNING * * *
The poisoned arrow burns you.
* * * LOW HITPOINT WARNING * * *
You are lethally poisoned!
The orc warrior hits you with a scimitar!
You die...

#...# ...§#
#.c.##♣♣♣♣♣♣
#$.<##.....### ....#.
....#....... ......###
#.#.......# ##..#...#
#.# #)....# ..#.c...#
#@###.....# #.......#
####o##......# ##.....#
#..(.........#
#......###.##.###...>.#
##.[.†(..##.# #.....#
#.....).##..# #######
........#..)...#
...##...#......# ..
#####......#


You could see Nessos and an orc warrior.

Vanquished Creatures
  A minotaur (Lab)
  A centaur warrior (D:13)
  An unseen horror (D:14)
  A wizard (D:14)
  Maurice (D:13)
  2 kobold demonologists (D:7)
  A two-headed ogre (D:13)
  3 trolls
  A hippogriff (D:13)
  An orc warrior (D:7)
  2 ogres
  A centaur (D:5)
  4 big kobolds
  2 giant frogs
  A scorpion (D:7)
  2 howler monkeys
  3 hounds
  3 orc wizards
  2 orc priests (D:7)
  2 iguanas (D:6)
  A worker ant (D:6)
  A worker ant zombie (D:6)
  10 adders
  4 river rats (Sewer)
  2 shadow imps
  An ooze (Sewer)
  A giant gecko (D:6)
  12 orcs
  4 giant cockroaches
  17 jackals
  A quokka (D:6)
  4 ball pythons (Sewer)
  A bat (D:1)
  2 giant gecko zombies
  2 giant newts
  18 kobolds
  A quokka zombie (D:6)
  21 rats
138 creatures vanquished.

Notes
Turn   | Place    | Note
--------------------------------------------------------------
     0 | D:1      | 4thArraOfDagon the Hill Orc Berserker began the quest for the Orb.
     0 | D:1      | Reached XP level 1. HP: 19/19 MP: 1/1
    14 | D:1      | Reached XP level 2. HP: 24/27 MP: 2/2
   188 | D:4      | Reached XP level 3. HP: 25/33 MP: 3/3
   243 | D:5      | Entered Level 5 of the Dungeon
   320 | D:4      | Found a glowing drain.
   338 | D:4      | Reached ** piety under Trog
   342 | D:4      | Reached skill level 5 in Axes
   347 | D:4      | Reached XP level 4. HP: 23/41 MP: 4/4
   382 | Sewer    | Entered a sewer
   542 | Sewer    | Reached XP level 5. HP: 47/47 MP: 5/5
   602 | Sewer    | Noticed a big kobold
   608 | Sewer    | Reached skill level 6 in Axes
   611 | Sewer    | Killed a big kobold
   679 | Sewer    | Reached skill level 5 in Fighting
   679 | Sewer    | Reached XP level 6. HP: 47/56 MP: 6/6
   693 | Sewer    | Reached *** piety under Trog
   702 | Sewer    | Reached skill level 7 in Axes
   945 | D:5      | Reached XP level 7. HP: 61/61 MP: 7/7
  1062 | D:6      | Reached skill level 8 in Axes
  1090 | D:6      | Found a white marble altar of Elyvilon.
  1124 | D:7      | Reached skill level 5 in Armour
  1205 | D:7      | Noticed a kobold demonologist
  1234 | D:7      | Noticed a rust devil
  1238 | D:7      | Killed a kobold demonologist
  1238 | D:7      | Reached skill level 9 in Axes
  1238 | D:7      | Reached XP level 8. HP: 71/71 MP: 8/8
  1239 | D:7      | Noticed a kobold demonologist
  1260 | D:7      | Noticed a ynoxinul
  1261 | D:7      | Noticed a rust devil
  1323 | D:6      | Reached **** piety under Trog
  1366 | D:6      | Reached skill level 10 in Axes
  1500 | D:7      | Found a bloodstained altar of Trog.
  1540 | D:7      | Killed a kobold demonologist
  1540 | D:7      | Reached skill level 11 in Axes
  1540 | D:7      | Reached XP level 9. HP: 81/81 MP: 9/9
  1610 | D:9      | Found a shadowy altar of Dithmenos.
  1612 | D:9      | Found a sparkling altar of Nemelex Xobeh.
  1614 | D:9      | Noticed a troll
  1626 | D:9      | Killed a troll
  1661 | D:10     | Entered Level 10 of the Dungeon
  1738 | D:10     | You fall through a shaft for 3 floors!
  1805 | D:14     | Killed an unseen horror
  1805 | D:14     | Reached skill level 12 in Axes
  1827 | D:14     | Found a labyrinth entrance.
  1827 | D:14     | Noticed a troll
  1858 | D:14     | Killed a troll
  1874 | Lab      | Entered a labyrinth
  2068 | Lab      | Noticed a minotaur
  2120 | Lab      | Killed a minotaur
  2120 | Lab      | Reached XP level 10. HP: 41/91 MP: 10/10
  2160 | Lab      | Identified the Guide on Ensnaring Confrontation (You found it in a labyrinth)
  2175 | Lab      | Identified a +4 rod of shadows (9/9) (You found it in a labyrinth)
  2222 | D:14     | Noticed a wizard
  2237 | D:14     | Killed a wizard
  2237 | D:14     | Reached skill level 13 in Axes
  2237 | D:14     | Reached skill level 1 in Evocations
  2314 | D:14     | Gained mutation: Your muscles are strong. (Str +2) [potion of mutation]
  2314 | D:14     | Gained mutation: Your flesh is cold resistant. [potion of mutation]
  2314 | D:14     | Gained mutation: You are partially covered in molten scales (AC +1). [potion of mutation]
  2368 | D:13     | Noticed Maurice
  2368 | D:13     | Noticed a centaur warrior
  2381 | D:13     | Killed a centaur warrior
  2389 | D:13     | Killed Maurice
  2405 | D:13     | Noticed Nessos
  2417 | D:13     | HP: 2/93 [Nessos/poisoned arrow (5)]
  2417 | D:13     | Mangled by an orc warrior

Vault maps used:
D:1:      dpeg_arrival_shelter, nrook_loot_triangle, xom_teletrap_fun
D:2:      marbit_many_paths, cheibriados_altar_1, uniq_sigmund
D:3:      first_bread, amethyst_killhole
D:4:      gup_sewer_entry_glass, minmay_misc_feat_roman, serial_bayou_pond_d
D:5:      temple_hall, hangedman_decor_growths
D:6:      elyvilon_altar_5
D:7:      basic_altar
D:8:      minmay_diamond_stairs, basic_altar
D:9:      grunt_temple_overflow_open, basic_altar
D:10:     basic_altar
D:13:     david_vaults_1, basic_altar, hangedman_tree_tricks,
          nicolae_ru_sacrificial_ziggurat, uniq_maurice, uniq_nessos
D:14:     lab_entry_generic, hangedman_decor_opposing
Lab:      labyrinth_spiral
Sewer:    sewer_minmay_treatment

Skill      XL: |  1  2  3  4  5  6  7  8  9 10 |
---------------+-------------------------------+-----
Fighting       | 4 5 6 7 9 |  9.8
Axes           | 5 6 7 9 11 12 13 | 13.9
Armour         | 3 4 5 6 7 8 |  8.7
Evocations     | 2 |  2.8
Dodging        | |  1.5

Action                   |  1- 3 |  4- 6 |  7- 9 | 10-12 || total
-------------------------+-------+-------+-------+-------++-------
Melee: Hand axe          |    37 |    71 |   192 |    38 ||   338
Invok: Berserk           |     4 |     6 |    11 |     2 ||    23
       Trog's Hand       |       |     6 |     4 |     2 ||    12
       Brothers in Arms  |       |       |     1 |       ||     1
Evoke: Wand              |       |       |     2 |     3 ||     5
  Use: Scroll            |       |       |    10 |     1 ||    11
       Potion            |       |       |       |     1 ||     1
  Eat: Chunk             |     1 |     9 |    13 |       ||    23
       Bread ration      |       |       |     1 |       ||     1
       Beef jerky        |       |       |     1 |       ||     1
